 Dungeon Crawl Stone Soup version 0.31.0-32-g396128a36d (webtiles) character file.

Game seed: 1548171844122185081

6478 lonewolfV2 the Protected (level 11, 0/86 HPs)
             Began as a Formicid Fighter on Feb 15, 2024.
             Slain by a wyvern (11 damage)
             ... on level 10 of the Dungeon on Mar 8, 2024.
             The game lasted 00:22:29 (9864 turns).

lonewolfV2 the Protected (Formicid Fighter)         Turns: 9864, Time: 00:22:29

Health: 0/86       AC: 19    Str: 23    XL:     11   Next: 19%
Magic:  16/16      EV:  7    Int:  8    God:
Gold:   492        SH:  7    Dex: 18    Spells: 10/10 levels left

rFire   + . .        d - +4 battleaxe (protect)
rCold   . . .        c - +0 buckler
rNeg    . . .        o - +1 plate armour {rPois}
rPois   +            (helmet unavailable)
rElec   .            (no cloak)
rCorr   .            e - +0 pair of gloves
SInv    +            v - +1 pair of boots of Issofeeng {Dex+3}
Will    +....        m - amulet of regeneration Stlth
                     n - ring of protection from fire
HPRegen 1.14/turn    (no ring)
MPRegen 0.15/turn

%: no passive effects
@: no status effects
A: permanent stasis, dig shafts and tunnels, antennae 3, four strong arms
a: Dig, Shaft Self


You were on level 10 of the Dungeon.
You visited 2 branches of the dungeon, and saw 11 of its levels.

You collected 492 gold pieces.

Inventory:

Hand Weapons
 a - a +1 war axe
 d - a +4 battleaxe of protection (weapon)
Missiles
 D - a throwing net
Armour
 c - a +0 buckler (worn)
 e - a +0 pair of gloves (worn)
 j - a +0 pair of boots
 o - a +1 plate armour of poison resistance (worn)
 q - a +0 plate armour
 v - the +1 pair of boots of Issofeeng (worn) {Dex+3}
   (You acquired it on level 7 of the Dungeon)

   Dex+3:     It affects your dexterity (+3).
Jewellery
 m - an amulet of regeneration (around neck)
 n - a ring of protection from fire (left hand)
 r - an amulet of faith
Wands
 p - a wand of charming (2)
 t - a wand of polymorph (3)
 w - a wand of digging (12)
 C - a wand of mindburst (14)
Scrolls
 f - 3 scrolls of teleportation
 g - 3 scrolls of fear
 h - 2 scrolls of poison
 u - 2 scrolls of silence
 B - 2 scrolls of immolation
 E - a scroll of fog
Potions
 b - 3 potions of mutation
 i - a potion of degeneration
 k - a potion of invisibility
 l - a potion of lignification
 z - a potion of enlightenment


   Skills:
 - Level 8.1 Fighting
 - Level 8.1 Axes
 * Level 10.9 Armour
 - Level 8.4 Shields
 - Level 7.5 Invocations


You had 10 spell levels left.
You didn't know any spells.
Your spell library contained the following spells:

 Spells                   Type           Power      Damage    Failure   Level
 Summon Small Mammal      Summ           0%         N/A       99%         1
 Call Canine Familiar     Summ           0%         N/A       100%        3
 Inner Flame              Hex/Fire       0%         N/A       100%        3
 Stone Arrow              Conj/Erth      0%         3d7       100%        3
 Animate Armour           Summ/Erth      0%         N/A       100%        4
 Summon Blazeheart Golem  Fire/Summ      0%         N/A       100%        4
 Irradiate                Conj/Alch      0%         3d11      100%        5
 Ignition                 Fire           0%         3d3       100%        8
 Lehudib's Crystal Spear  Conj/Erth      0%         10d2      100%        8


Dungeon Overview and Level Annotations

Branches:
Dungeon (10/15)            Temple (1/1) D:4             Orc (0/2) D:10
   Lair: D:8-11

Altars:
Ashenzari
Cheibriados
Dithmenos
Elyvilon
Fedhas
Gozag
Hepliaklqana
Kikubaaqudgha
Makhleb
Okawaru
Qazlal
Ru
Sif Muna
Trog
Uskayaw
Vehumet
Wu Jian
Yredelemnul
Zin
The Shining One


Innate Abilities, Weirdness & Mutations

You cannot be hasted, slowed, berserked, paralysed or teleported.
You can dig through walls and to a lower floor.
You have a pair of large antennae on your head. (SInv)
Your four strong arms can wield two-handed weapons with a shield.


Message History

The wyvern bites you. You block the wyvern's attack.
You closely miss the wyvern.
The wyvern is almost dead.
The wyvern closely misses you. x2
A wyvern is nearby!
You slash the wyvern!
You kill the wyvern!
Found a gnarled glowing staff.
You now have 492 gold pieces (gained 14).
You sense a monster nearby.
A seven-headed hydra and a wyvern come into view.
Found a transparent sapphire amulet.
The seven-headed hydra roars!
The wyvern hisses angrily.
There are monsters nearby!
Okay, then.
Aiming: Mindburst
Press: ? - help, Q - select action, (/) - cycle Shift-Dir - straight line, f - seven-headed hydra
Aim: a seven-headed hydra (chance to affect: 29%)
The seven-headed hydra's minds are blasted!
Aiming: Mindburst
Press: ? - help, Q - select action, (/) - cycle Shift-Dir - straight line, f/p - seven-headed hydra
Aim: a seven-headed hydra (moderately wounded, chance to affect: 29%)
The seven-headed hydra's minds are blasted!!
The seven-headed hydra bites you! x3
The seven-headed hydra bites you but does no damage. x2
The seven-headed hydra bites you! The seven-headed hydra bites you.
Aiming: Mindburst
Press: ? - help, Q - select action, (/) - cycle Shift-Dir - straight line, f/p - seven-headed hydra
Aim: a seven-headed hydra (heavily wounded, chance to affect: 29%)
The seven-headed hydra's minds are blasted!
The seven-headed hydra bites you. The seven-headed hydra bites you!
* * * LOW HITPOINT WARNING * * *
You block the seven-headed hydra's attack.
The seven-headed hydra bites you but does no damage.
The seven-headed hydra barely misses you.
You block the seven-headed hydra's attack.
The seven-headed hydra bites you!
* * * LOW HITPOINT WARNING * * *
The wyvern bites you!
You die...

..## #### ...# ...###..#
....#..# .# ...##.# ##.#
#...#.# #..# ##.
#...#.######.##
#..|.#.k.#...#.....# #
..|....D@#.........# ####
."..#..#...###.....###...
. #..#...# #.....#...##
....#..## #.......###
....##..# #.....###
...####...# #.....# ...
....## ##.#### ## ....##
#..# # ..### #.## #######


You could see a seven-headed hydra and a wyvern.

Vanquished Creatures
  Maurice (D:8)
  Joseph (D:8)
  A hornet (D:8)
  A troll (D:9)
  Sigmund (D:3)
  3 wyverns
  Grum (D:8)
  2 steam dragons (D:8)
  3 water moccasins
  A black bear (shapeshifter) (D:10)
  4 orc warriors
  2 ice beasts
  A black bear (D:7)
  3 sky beasts
  An ogre (D:4)
  A centaur (D:7)
  2 wolves (D:8)
  A phantom (D:6)
  A kobold brigand (D:8)
  2 bullfrogs
  2 gnoll sergeants
  4 scorpions
  9 wights
  10 killer bees
  The ghost of Modestlyawesome the Ruffian, a weakling DrSh (D:3)
  A hound (D:4)
  4 bombardier beetles
  A jelly (D:6)
  5 orc priests
  3 gnoll boudas
  3 iguanas
  7 orc wizards
  12 adders
  16 gnolls
  A river rat (D:3)
  2 white imps
  4 ufetubi (D:5)
  3 dart slugs
  4 ribbon worms
  48 orcs
  7 ball pythons
  10 bats
  8 endoplasms
  2 giant cockroaches
  A goblin (D:3)
  10 hobgoblins
  5 jackals
  3 quokkas
  3 frilled lizards
  10 kobolds
  8 rats
240 creatures vanquished.

Vanquished Creatures (others)
  A gnoll (D:8)
1 creature vanquished.

Grand Total: 241 creatures vanquished

Notes
Turn   | Place    | Note
-------+----------+-------------------------------------------
     0 | D:1      | lonewolfV2 the Formicid Fighter began the quest for the
                  | Orb.
     0 | D:1      | Reached XP level 1. HP: 18/18 MP: 1/1
   173 | D:1      | Reached XP level 2. HP: 24/24 MP: 2/2
   552 | D:1      | Reached XP level 3. HP: 30/30 MP: 3/3
  1248 | D:2      | Reached XP level 4. HP: 37/37 MP: 4/4
  1659 | D:3      | Noticed Sigmund
  1693 | D:3      | Killed Sigmund
  1694 | D:3      | Reached skill level 5 in Axes
  1694 | D:3      | Reached XP level 5. HP: 22/43 MP: 5/5
  1694 | D:3      | Reached XP level 6. HP: 26/50 MP: 6/6
  1837 | D:3      | Found a runed translucent door.
  1839 | D:3      | Noticed Modestlyawesome's ghost (weakling DrSh)
  1854 | D:3      | Reached skill level 5 in Fighting
  1881 | D:3      | Killed Modestlyawesome's ghost
  2032 | D:3      | Found a runed translucent door.
  2447 | D:3      | Reached XP level 7. HP: 48/57 MP: 7/7
  3136 | D:4      | Found a staircase to the Ecumenical Temple.
  3169 | Temple   | Entered the Ecumenical Temple
  3476 | D:4      | Reached skill level 4 in Armour
  3875 | D:4      | Reached XP level 8. HP: 64/64 MP: 8/8
  3929 | D:5      | Entered Level 5 of the Dungeon
  3948 | D:5      | Reached skill level 5 in Shields
  3984 | D:5      | Reached skill level 5 in Armour
  4017 | D:5      | Found a hazy altar of Hepliaklqana.
  4354 | D:5      | Reached skill level 6 in Armour
  4628 | D:5      | Found a radiant altar of Vehumet.
  4880 | D:6      | Reached skill level 1 in Invocations
  4955 | D:6      | Found a glowing golden altar of the Shining One.
  5105 | D:6      | Reached XP level 9. HP: 32/69 MP: 11/11
  5333 | D:6      | Reached skill level 5 in Invocations
  5782 | D:7      | Found a broken altar of Ashenzari.
  5833 | D:7      | Found an opulent altar of Gozag.
  5882 | D:7      | Found a sacrificial altar of Ru.
  6231 | D:7      | Found a stormy altar of Qazlal.
  6317 | D:7      | Reached XP level 10. HP: 77/77 MP: 15/15
  6317 | D:7      | Identified a scroll of acquirement
  6317 | D:7      | Acquired the +1 pair of boots of Issofeeng {Dex+3}
  6499 | D:7      | Upgraded the game from 0.31.0-12-g77e489cdc1 to
                  | 0.31.0-32-g396128a36d
  6890 | D:8      | Noticed Grum
  6922 | D:8      | Killed Grum
  7094 | D:8      | Noticed Maurice
  7363 | D:8      | Maurice stole an amulet of faith
  7537 | D:8      | Maurice stole 92 gold
  7539 | D:8      | Maurice stole 2 throwing nets
  7560 | D:8      | Maurice stole a throwing net
  7575 | D:8      | Maurice stole 102 gold
  7576 | D:8      | Maurice stole 143 gold
  7640 | D:8      | Reached skill level 7 in Armour
  7799 | D:8      | You fall into a shaft and drop 2 floors!
  7799 | D:10     | Entered Level 10 of the Dungeon
  8070 | D:8      | Noticed Joseph
  8097 | D:8      | Killed Joseph
  8098 | D:8      | Reached skill level 8 in Armour
  8369 | D:8      | Maurice stole 36 gold
  8391 | D:8      | Killed Maurice
  8452 | D:8      | Reached skill level 9 in Armour
  9137 | D:9      | Reached XP level 11. HP: 86/86 MP: 16/16
  9265 | D:10     | Found a staircase to the Orcish Mines.
  9272 | D:10     | Noticed Harold
  9295 | D:9      | Reached skill level 10 in Armour
  9655 | D:10     | Harold changed into Harold the shapeshifter
  9655 | D:10     | Noticed Harold
  9656 | D:10     | Harold the shapeshifter changed into Harold the black bear
  9656 | D:10     | Noticed Harold (shapeshifter)
  9660 | D:10     | Killed Harold the black bear
  9859 | D:10     | Noticed a seven-headed hydra
  9864 | D:10     | Slain by a wyvern

Illustrated notes

Levels and vault maps discovered:
D:1:      minmay_arrival_doors, layout_basic
D:2:      layout_loops_cross
D:3:      layout_basic, ebering_ghost_sewer_f, roderic_batcave,
          minmay_close_crescents, uniq_sigmund
D:4:      layout_loops_ring, minmay_temple_entry_purple_smoke, st_stairs_8,
          nicolae_nh_ransacked_shop
D:5:      layout_basic, nicolae_hepliaklqana_hazy_memory, lemuel_doored_altar
D:6:      layout_rooms, tso_metal_star, nicolae_houndstooth_variations
D:7:      layout_basic, mainiacjoe_overflow_brackets,
          nicolae_qazlal_eye_of_the_storm, ashenzari_altar_1,
          nicolae_ru_path_of_blood
D:8:      layout_loops_ring, uniq_maurice, uniq_grum, uniq_joseph
D:9:      layout_rooms
D:10:     layout_roguey, nemelex_xobeh_ov_fountains_minmay, doesnt_xom_only_xom,
          lair_entry_dummy, david_orc_3, minmay_radiant, uniq_harold
Temple:   compressed_dpeg_triangle_lava_temple

Skill      XL: |  1  2  3  4  5  6  7  8  9 10 11 |
---------------+----------------------------------+-----
Axes           | 3 5 6 8 |  8.1
Fighting       | 4 5 6 8 |  8.1
Armour         | 4 6 9 10 | 10.9
Shields        | 6 8 |  8.4
Invocations    | 3 7 |  7.5

Action                     |  1- 3 |  4- 6 |  7- 9 | 10-12 || total
---------------------------+-------+-------+-------+-------++-------
  Melee: War axe           |    66 |   146 |   410 |   266 ||   888
         Battleaxe         |       |       |       |    92 ||    92
Ability: Dig               |       |       |       |     1 ||     1
         Shaft Self        |       |       |       |     1 ||     1
  Evoke: Wand              |       |       |       |     9 ||     9
    Use: Scroll            |     3 |     1 |     9 |     7 ||    20
         Potion            |       |       |     2 |     5 ||     7
 Armour: Scale mail        |    55 |   117 |    52 |       ||   224
         Plate armour      |       |       |   346 |   520 ||   866
  Dodge: Dodged            |    34 |    80 |   143 |   164 ||   421
  Block: Buckler           |    16 |    46 |   120 |   189 ||   371
